 Dungeon Crawl Stone Soup version 0.25.1-2-g60ff931df9 (console) character file.

Game seed: 6307977891419842633

2614 Colgate the Magician (level 9, -22/72 HPs)
             Began as a Gnoll Air Elementalist on July 31, 2020.
             Was a Believer of Qazlal.
             Annihilated by Menkaure (28 damage)
             ... on level 7 of the Dungeon on Aug 1, 2020.
             The game lasted 01:49:11 (7809 turns).

Colgate the Magician (Gnoll Air Elementalist)       Turns: 7809, Time: 01:49:12

Health: -22/72     AC:  4    Str: 11    XL:     9   Next: 60%
Magic:  17/19      EV: 16    Int: 28    God:    Qazlal [**....]
Gold:   234        SH:  8    Dex: 16    Spells: 8/21 levels left

rFire    . . .     SeeInvis .   f - staff of poison
rCold    . . .     Gourm    .   p - +0 buckler
rNeg     . . .     Faith    .   a - +1 robe
rPois    +         Spirit   .   C - +1 hat
rElec    .         Reflect  .   u - scarf {harm}
rCorr    .         Harm     +   (no gloves)
MR       .....     Clarity  +   (no boots)
Stlth    +++.......             (no amulet)
HPRegen  0.22/turn              z - +6 ring of intelligence
MPRegen  0.16/turn              (no ring)

@: very slightly contaminated
A: distributed training, fangs 1, clarity, clever 1, sense surroundings 1,
robust 1, strong nose
a: Upheaval, Renounce Religion


You were on level 7 of the Dungeon.
You worshipped Qazlal.
Qazlal was pleased with you.
You were hungry.

You visited 1 branch of the dungeon, and saw 7 of its levels.

You collected 234 gold pieces.

Inventory:

Hand Weapons
 i - a +0 short sword
 r - a +1 flail of holy wrath
 v - a +0 war axe
 x - a +1 trident of holy wrath
 y - a +0 short sword
 F - a +0 shortbow
 G - a -1 long sword
 J - a +0 hand crossbow
Missiles
 b - 11 bolts
 g - 2 boomerangs
 j - 82 stones
 w - 23 sling bullets
 D - 35 poisoned darts (quivered)
 E - 49 arrows
Armour
 a - a +1 robe (worn)
 d - a +0 leather armour
 k - a +0 chain mail
 p - a +0 buckler (worn)
 q - a +0 ring mail
 s - a +0 scale mail
 u - a scarf of harm (worn)
 C - a +1 hat (worn)
Magical Staves
 f - an uncursed staff of poison (weapon)
Jewellery
 z - a +6 ring of intelligence (left hand)
Wands
 H - a wand of random effects (6)
Scrolls
 e - 2 scrolls of remove curse
 o - a scroll of amnesia
 A - 2 scrolls of magic mapping {unknown}
 B - 2 scrolls of noise {unknown}
 K - a scroll of teleportation {unknown}
Potions
 h - a potion of berserk rage
 l - a potion of might
 m - 2 potions of flight
 n - a potion of lignification
 t - a potion of curing {unknown}
Comestibles
 c - 6 rations


   Skills:
 + Level 4.3 Fighting
 + Level 4.3 Short Blades
 + Level 4.3 Long Blades
 + Level 4.3 Axes
 + Level 4.3 Maces & Flails
 + Level 4.3 Polearms
 + Level 4.3 Staves
 + Level 4.3 Slings
 + Level 4.3 Bows
 + Level 4.3 Crossbows
 + Level 4.3 Throwing
 + Level 4.3 Armour
 + Level 6.3 Dodging
 + Level 6.1 Stealth
 + Level 4.3 Shields
 + Level 4.3 Unarmed Combat
 + Level 6.7 Spellcasting
 + Level 4.2 Conjurations
 + Level 3.5 Hexes
 + Level 3.5 Charms
 + Level 3.5 Summonings
 + Level 3.5 Necromancy
 + Level 3.5 Translocations
 + Level 3.5 Transmutations
 + Level 3.5 Fire Magic
 + Level 3.5 Ice Magic
 + Level 6.6 Air Magic
 + Level 3.5 Earth Magic
 + Level 3.5 Poison Magic
 + Level 4.7 Invocations
 + Level 4.3 Evocations


You had 8 spell levels left.
You knew the following spells:

 Your Spells              Type           Power        Failure   Level  Hunger
a - Shock                 Conj/Air       ####         1%          1    None
b - Static Discharge      Conj/Air       #####...     1%          3    None
c - Airstrike             Air            #####.....   3%          4    ###....
d - Lightning Bolt        Conj/Air       #####.....   17%         5    #####..

Your spell library contained the following spells:

 Spells                   Type           Power        Failure   Level  Hunger
 Swiftness                Chrm/Air       #####...     1%          2    None


Dungeon Overview and Level Annotations

Branches:
Dungeon (7/15)             Temple (0/1) D:5

Altars:
Dithmenos
Hepliaklqana
Kikubaaqudgha
Makhleb
Okawaru
Qazlal
Ru
Sif Muna
Lugonu

Annotations:
D:7 1 transporter, Menkaure


Innate Abilities, Weirdness & Mutations

Your experience applies equally to all skills.
You have very sharp teeth.
Your uncanny sense of smell can sniff out nearby items.
You possess an exceptional clarity of mind.
Your mind is acute. (Int +2)
You passively map a small area around you.
You are robust. (+10% HP)


Message History

Unknown command.
Casting: Static Discharge (safe; 1% risk of failure)
Confirm with . or Enter, or press ? or * to list all spells.
Aiming: Shock (safe; 1% risk of failure)
Press: ? - help, Shift-Dir - straight line You miscast Shock.
You are very lightly contaminated with residual magic.
Nothing appears to happen.
Something calls on the powers of darkness!
Your body is wracked with pain!
Ouch! That really hurt!
Something hits you!
* * * LOW HITPOINT WARNING * * *
You hear some strange, mumbled words.
Pain shoots through your body!
* * * LOW HITPOINT WARNING * * *
Something hits you.
* * * LOW HITPOINT WARNING * * *
Something hits you!!
You die...

, , , * ..## *
...##.
##......
#......
###....#
####......#.>
#..#.........
#....@.#.##*..
*
##..○.§#..#...
####.........
, ##.........
#...##..... #
#..###..... ,
*##
#.##)...... ,
*#.
#..........
©#.
#<)......,.
..( ##)......
*#.{ *,
.)..... ###


There were no monsters in sight!

Vanquished Creatures
  Maggie (D:7)
  A hungry ghost (D:7)
  A water moccasin (D:5)
  Duvessa (D:7)
  A hornet zombie (D:7)
  2 ice beasts (D:6)
  2 sky beasts
  2 ogres
  2 centaurs
  A bullfrog (D:6)
  Dowan (D:7)
  A scorpion (D:7)
  3 crimson imps
  A quasit (D:7)
  A jelly (D:6)
  2 orc priests
  4 hounds
  A centaur skeleton (D:4)
  Terence (D:2)
  An iguana (D:7)
  Natasha (thrice) (D:4)
  5 orc wizards
  7 worker ants
  A hound zombie (D:6)
  A hound skeleton (D:6)
  9 adders
  A shadow imp (D:5)
  3 dart slugs
  9 leopard geckos
  21 orcs
  2 ball pythons
  6 bats
  9 giant cockroaches
  9 hobgoblins
  16 jackals
  3 quokkas
  3 frilled lizards
  11 goblins
  A jackal skeleton (D:7)
  8 kobolds
  A quokka skeleton (D:4)
  4 rats
163 creatures vanquished.

Notes
Turn   | Place    | Note
-------+----------+-------------------------------------------
     0 | D:1      | Colgate the Gnoll Air Elementalist began the quest for the
                  | Orb.
     0 | D:1      | Reached XP level 1. HP: 13/13 MP: 6/6
     3 | D:1      | Noticed an electric eel
     3 | D:1      | Noticed an electric eel
   193 | D:1      | Reached XP level 2. HP: 19/19 MP: 2/7
   558 | D:1      | Reached XP level 3. HP: 25/25 MP: 3/9
   563 | D:1      | Learned a level 3 spell: Static Discharge
   755 | D:1      | Reached skill level 5 in Spellcasting
  1299 | D:2      | Reached skill level 1 in Invocations
  1390 | D:2      | Noticed Terence
  1397 | D:2      | Killed Terence
  1397 | D:2      | Reached skill level 1 in Fighting
  1397 | D:2      | Reached skill level 1 in Short Blades
  1397 | D:2      | Reached skill level 1 in Long Blades
  1397 | D:2      | Reached skill level 1 in Axes
  1397 | D:2      | Reached skill level 1 in Maces & Flails
  1397 | D:2      | Reached skill level 1 in Polearms
  1397 | D:2      | Reached skill level 1 in Staves
  1397 | D:2      | Reached skill level 1 in Slings
  1397 | D:2      | Reached skill level 1 in Bows
  1397 | D:2      | Reached skill level 1 in Crossbows
  1397 | D:2      | Reached skill level 1 in Throwing
  1397 | D:2      | Reached skill level 1 in Armour
  1397 | D:2      | Reached skill level 1 in Shields
  1397 | D:2      | Reached skill level 1 in Unarmed Combat
  1397 | D:2      | Reached skill level 1 in Evocations
  1397 | D:2      | Reached XP level 4. HP: 32/32 MP: 2/11
  1538 | D:2      | Learned a level 2 spell: Swiftness
  2037 | D:2      | Found an ancient bone altar of Kikubaaqudgha.
  2037 | D:2      | Found a stormy altar of Qazlal.
  2038 | D:2      | Reached skill level 1 in Hexes
  2038 | D:2      | Reached skill level 1 in Charms
  2038 | D:2      | Reached skill level 1 in Summonings
  2038 | D:2      | Reached skill level 1 in Necromancy
  2038 | D:2      | Reached skill level 1 in Translocations
  2038 | D:2      | Reached skill level 1 in Transmutations
  2038 | D:2      | Reached skill level 1 in Fire Magic
  2038 | D:2      | Reached skill level 1 in Ice Magic
  2038 | D:2      | Reached skill level 1 in Earth Magic
  2038 | D:2      | Reached skill level 1 in Poison Magic
  2042 | D:2      | Became a worshipper of Qazlal Stormbringer
  2551 | D:3      | Learned a level 4 spell: Airstrike
  2553 | D:3      | Gained mutation: Your muscles are strong. (Str +2) [potion
                  | of mutation]
  2553 | D:3      | Gained mutation: You possess an exceptional clarity of
                  | mind. [potion of mutation]
  2553 | D:3      | Gained mutation: You have sharp toenails. [potion of
                  | mutation]
  2554 | D:3      | Lost mutation: Your muscles are strong. (Str +2) [potion of
                  | mutation]
  2554 | D:3      | Lost mutation: You have sharp toenails. [potion of
                  | mutation]
  2554 | D:3      | Lost mutation: You possess an exceptional clarity of mind.
                  | [potion of mutation]
  2554 | D:3      | Gained mutation: You are partially covered in iridescent
                  | scales. (AC +2) [potion of mutation]
  2554 | D:3      | Gained mutation: You evolve. [potion of mutation]
  2600 | D:3      | Reached XP level 5. HP: 37/37 MP: 6/12
  3113 | D:3      | Gained mutation: You do not regenerate when monsters are
                  | visible. [evolution]
  3424 | D:4      | Reached XP level 6. HP: 44/44 MP: 7/13
  3578 | D:4      | Reached * piety under Qazlal
  3814 | D:4      | Noticed Natasha
  3815 | D:4      | Killed Natasha
  3863 | D:4      | Reached skill level 5 in Dodging
  4071 | D:4      | Found a sacrificial altar of Ru.
  4147 | D:4      | Gained mutation: You are robust. (+10% HP) [evolution]
  4147 | D:4      | Lost mutation: You evolve. [end of evolution]
  4400 | D:4      | Lost mutation: You do not regenerate when monsters are
                  | visible. [potion of mutation]
  4400 | D:4      | Lost mutation: You are partially covered in iridescent
                  | scales. (AC +2) [potion of mutation]
  4400 | D:4      | Gained mutation: Your mind is acute. (Int +2) [potion of
                  | mutation]
  4400 | D:4      | Gained mutation: You passively map a small area around you.
                  | [potion of mutation]
  4400 | D:4      | Gained mutation: You possess an exceptional clarity of
                  | mind. [potion of mutation]
  4466 | D:4      | Noticed Natasha
  4469 | D:4      | Killed Natasha
  4536 | D:4      | Noticed Natasha
  4538 | D:4      | Killed Natasha
  4544 | D:5      | Entered Level 5 of the Dungeon
  4545 | D:5      | Reached XP level 7. HP: 55/55 MP: 9/15
  5049 | D:5      | Found a staircase to the Ecumenical Temple.
  5099 | D:5      | Found a shimmering blue altar of Sif Muna.
  5110 | D:5      | Reached skill level 5 in Stealth
  5233 | D:5      | Reached XP level 8. HP: 20/62 MP: 12/16
  6673 | D:6      | Found a hazy altar of Hepliaklqana.
  6674 | D:6      | Found a burning altar of Makhleb.
  6674 | D:6      | Found a sacrificial altar of Ru.
  6674 | D:6      | Found an iron altar of Okawaru.
  6676 | D:6      | Found a shadowy altar of Dithmenos.
  6718 | D:7      | Found a transporter.
  6718 | D:7      | Noticed Duvessa
  6718 | D:7      | Noticed Dowan
  6726 | D:7      | Killed Dowan
  6728 | D:7      | Killed Duvessa
  6733 | D:7      | Noticed a red ugly thing
  6737 | D:7      | Noticed a green ugly thing
  6739 | D:7      | Noticed a purple ugly thing
  6740 | D:7      | Noticed Maggie
  6954 | D:7      | Killed Maggie
  6954 | D:7      | Reached XP level 9. HP: 68/71 MP: 5/18
  6962 | D:7      | Learned a level 5 spell: Lightning Bolt
  7250 | D:7      | Reached ** piety under Qazlal
  7338 | D:7      | Found a corrupted altar of Lugonu.
  7783 | D:7      | Noticed Menkaure
  7809 | D:7      | Annihilated by Menkaure

Illustrated notes

Levels and vault maps discovered:
D:1:      arrival_aquarium_b, layout_basic, roderic_three_in_a_row
D:2:      layout_loops_ring, gammafunk_temple_overflow_wave, uniq_terence
D:3:      layout_loops_ring, first_ration, portal_sewer_entry_f
D:4:      layout_cave_pools, serial_column_ruins, column_ruins_hut_pillars,
          column_ruins_corridor_corner, column_ruins_open_medium,
          column_ruins_open_tiny, column_ruins_open_tiny_water,
          column_ruins_grid_1, hangedman_ru_absence, uniq_natasha
D:5:      layout_rooms, led_sif_book, minmay_temple_entry_statues
D:6:      layout_loops_cross, minitemple, serial_glass, glass_columns_a,
          glass_columns_c
D:7:      gammafunk_corrupted_shrine, layout_cave_pools, uniq_menkaure,
          uniq_duvessa, uniq_maggie

Skill      XL: |  1  2  3  4  5  6  7  8  9 |
---------------+----------------------------+-----
Conjurations   | 2 3 4 |  4.2
Spellcasting   | 5 6 |  6.7
Invocations    | 1 2 3 4 |  4.7
Fighting       | 1 2 3 4 |  4.3
Short Blades   | 1 2 3 4 |  4.3
Long Blades    | 1 2 3 4 |  4.3
Axes           | 1 2 3 4 |  4.3
Maces & Flails | 1 2 3 4 |  4.3
Polearms       | 1 2 3 4 |  4.3
Staves         | 1 2 3 4 |  4.3
Slings         | 1 2 3 4 |  4.3
Bows           | 1 2 3 4 |  4.3
Crossbows      | 1 2 3 4 |  4.3
Throwing       | 1 2 3 4 |  4.3
Armour         | 1 2 3 4 |  4.3
Shields        | 1 2 3 4 |  4.3
Unarmed Combat | 1 2 3 4 |  4.3
Evocations     | 1 2 3 4 |  4.3
Hexes          | 1 2 3 |  3.5
Charms         | 1 2 3 |  3.5
Summonings     | 1 2 3 |  3.5
Necromancy     | 1 2 3 |  3.5
Translocations | 1 2 3 |  3.5
Transmutations | 1 2 3 |  3.5
Fire Magic     | 1 2 3 |  3.5
Ice Magic      | 1 2 3 |  3.5
Earth Magic    | 1 2 3 |  3.5
Poison Magic   | 1 2 3 |  3.5
Dodging        | 5 6 |  6.3
Stealth        | 5 6 |  6.1
Air Magic      | 6 |  6.6

Action                   |  1- 3 |  4- 6 |  7- 9 || total
-------------------------+-------+-------+-------++-------
Melee: Short sword       |     2 |       |       ||     2
       Flail             |       |    14 |     7 ||    21
       Bite              |       |     2 |     2 ||     4
       War axe           |       |       |    16 ||    16
       Long sword        |       |       |     5 ||     5
       Trident           |       |       |     6 ||     6
 Fire: Hand crossbow     |       |       |     3 ||     3
Throw: Boomerang         |       |     8 |       ||     8
       Dart              |       |       |    10 ||    10
 Cast: Shock             |    76 |   125 |   110 ||   311
       Airstrike         |       |     5 |    11 ||    16
       Static Discharge  |       |     1 |    14 ||    15
       Lightning Bolt    |       |       |     1 ||     1
Evoke: Wand              |       |       |     3 ||     3
  Use: Scroll            |       |    10 |     1 ||    11
       Potion            |       |     3 |       ||     3
  Eat: Chunk             |       |    11 |     8 ||    19
       Ration            |       |       |     1 ||     1
Armor: Robe              |     2 |     6 |    11 ||    19
Dodge: Dodged            |     3 |    29 |    47 ||    79
Block: Buckler           |       |     1 |    26 ||    27
       Rpst.: Long sword |       |       |    12 ||    12
